 Dungeon Crawl Stone Soup version 0.26.0-5-gb5863c6483 (webtiles) character file.

Game seed: 15755904918814904562

144 AusVox the Conjurer (level 5, -2/28 HPs)
             Began as a Deep Elf Conjurer on Jan 11, 2021.
             Slain by Grinder (5 damage)
             ... while paralysed by Grinder
             ... on level 4 of the Dungeon.
             The game lasted 00:15:22 (3833 turns).

AusVox the Conjurer (Deep Elf Conjurer)             Turns: 3833, Time: 00:15:23

Health: -2/28      AC:  3    Str:  5    XL:     5   Next: 5%
Magic:  4/11       EV:  2    Int: 23    God:
Gold:   78         SH:  0    Dex: 13    Spells: 0/10 levels left

rFire    . . .     SeeInvis .   c - +0 hand axe
rCold    . . .     Faith    .   (no shield)
rNeg     . . .     Spirit   .   a - +0 robe
rPois    .         Reflect  .   (no helmet)
rElec    .         Harm     .   (no cloak)
rCorr    .         Rampage  .   j - +0 pair of gloves
Will     .....                  (no boots)
Stlth    ++........             (no amulet)
HPRegen  0.09/turn              (no ring)
MPRegen  0.12/turn              (no ring)

@: paralysed
A: no striking features
a: no special abilities


You were on level 4 of the Dungeon.
You visited 1 branch of the dungeon, and saw 4 of its levels.

You collected 78 gold pieces.

Inventory:

Hand Weapons
 c - a +0 hand axe (weapon)
Armour
 a - a +0 robe (worn)
 j - a +0 pair of gloves (worn)
Wands
 i - a wand of polymorph (6)
Scrolls
 d - 2 scrolls of random uselessness {unknown}
 e - 2 scrolls of identify
 f - 4 scrolls of remove curse
Potions
 b - a potion of invisibility
 g - 4 potions of curing
 h - a potion of flight
 k - a potion of attraction {unknown}


   Skills:
 + Level 0.0 Fighting
 + Level 2.4 Dodging
 - Level 2.4 Stealth
 + Level 3.1 Spellcasting
 * Level 7.0 Conjurations


You couldn't memorise any spells.
You knew the following spells:

 Your Spells              Type           Power        Failure   Level
a - Magic Dart            Conj           100%         1%          1
b - Iskenderun's Mystic   Conj/Tloc      19%          26%         4
c - Searing Ray           Conj           70%          1%          2
d - Conjure Flame         Conj/Fire      19%          9%          3

Your spell library contained the following spells:

 Spells                   Type           Power        Failure   Level
 Dazzling Flash           Conj/Hex       38%          9%          3
 Beastly Appendage        Tmut           6%           12%         1
 Mephitic Cloud           Conj/Pois/Air  14%          13%         3
 Blink                    Tloc           N/A          17%         2
 Call Imp                 Summ           3%           17%         2
 Slow                     Hex            3%           17%         2
 Wereblood                Tmut           3%           17%         2
 Fulminant Prism          Conj/Hex       9%           26%         4
 Spider Form              Tmut/Pois      1%           34%         3
 Ice Form                 Ice/Tmut       3%           75%         4
 Blade Hands              Tmut           1%           97%         5


Dungeon Overview and Level Annotations

Branches:
Dungeon (4/15)
 Temple: D:4-7

Altars:
Okawaru
Yredelemnul

Annotations:
D:3 Destapler's ghost, amateur DDMo
D:4 Grinder


Message History

Grinder is severely wounded.
The magic dart hits Grinder.
Grinder is almost dead.
Casting: Magic Dart (safe; 1% risk of failure)
Confirm with . or Enter, or press ? or * to list all spells.
You don't have enough magic to cast that spell.
Grinder completely misses you. Grinder gestures at you.
You suddenly lose the ability to move!
Grinder blinks!
Grinder hits you!
* * * LOW HITPOINT WARNING * * *
You writhe in agony.
* * * LOW HITPOINT WARNING * * *
Grinder gestures at you.
You shrug off the repeated paralysis!
Grinder hits you.
* * * LOW HITPOINT WARNING * * *
You writhe in agony.
You die...

.. . ..# . ..
...##. ..... ......
....# ......#
##....#
#....#####.....###.
#...5...#......#...
#@............
###.........#
##..........#
#...........#
#...##.......#
......#........##
...........<....#
.........##......#
##..##### ##..†..#


You could see Grinder.

Vanquished Creatures
  7 adders
  An ooze (D:3)
  4 worms
  3 dart slugs
  4 leopard geckos
  3 orcs (D:3)
  A ball python (D:3)
  A giant cockroach (D:1)
  7 goblins
  7 hobgoblins
  4 bats
  2 frilled lizards (D:3)
  9 kobolds
  5 rats
58 creatures vanquished.

Notes
Turn   | Place    | Note
-------+----------+-------------------------------------------
     0 | D:1      | AusVox the Deep Elf Conjurer began the quest for the Orb.
     0 | D:1      | Reached XP level 1. HP: 10/10 MP: 6/6
   417 | D:1      | Reached XP level 2. HP: 15/15 MP: 1/8
   617 | D:1      | Reached skill level 5 in Conjurations
   719 | D:1      | You fall into a shaft and drop 1 floor!
   986 | D:2      | Found a faded altar of an unknown god.
   992 | D:2      | Reached XP level 3. HP: 18/19 MP: 7/9
  1311 | D:2      | Found an iron altar of Okawaru.
  1311 | D:2      | Found a basalt altar of Yredelemnul.
  1358 | D:2      | Reached skill level 6 in Conjurations
  1435 | D:2      | Reached XP level 4. HP: 5/24 MP: 5/10
  2813 | D:3      | Found a runed translucent door.
  2814 | D:3      | Noticed Destapler's ghost (amateur DDMo)
  2936 | D:3      | Reached XP level 5. HP: 28/28 MP: 5/11
  2941 | D:3      | Learned a level 4 spell: Iskenderun's Mystic Blast
  2944 | D:3      | Learned a level 2 spell: Searing Ray
  2948 | D:3      | Learned a level 3 spell: Conjure Flame
  3760 | D:4      | Reached skill level 7 in Conjurations
  3815 | D:4      | Noticed Grinder
  3827 | D:4      | Paralysed by Grinder for 7 turns
  3833 | D:4      | Slain by Grinder

Illustrated notes

Levels and vault maps discovered:
D:1:      ncdulo_lavacross, layout_rooms, minmay_misc_feat_more_columns,
          nrook_mini_vaults, amcnicky_mini_pool_small,
          chequers_serial_rivers_micro_b, hex_medium
D:2:      layout_loops_ring, gammafunk_temple_overflow_pools,
          chequers_ecumenical_altar_twisty, chequers_garden,
          minmay_misc_feat_hallway
D:3:      layout_basic, ebering_ghost_reflecting_pool
D:4:      layout_layer_cave, minmay_overflow_temple_star_quad,
          gammafunk_ghost_abyssal_escape, uniq_blork_the_orc, uniq_grinder

Skill      XL: |  1  2  3  4  5 |
---------------+----------------+-----
Conjurations   | 5 6 7 |  7.0
Dodging        | |  2.4
Stealth        | |  2.4
Spellcasting   | |  3.1

Action                   |  1- 3 |  4- 6 || total
-------------------------+-------+-------++-------
Melee: Hand axe          |    15 |     3 ||    18
 Fire: Hunting sling     |       |     8 ||     8
 Cast: Magic Dart        |    56 |    72 ||   128
       Iskenderun's Myst |       |     1 ||     1
  Use: Scroll            |       |     5 ||     5
       Potion            |       |     5 ||     5
Armor: Robe              |     2 |     2 ||     4
Dodge: Dodged            |    14 |    11 ||    25
